[Event "*** MasterClass Titled Tuesday Blitz"]
[Site "Chess.com"]
[Date "2017.12.05"]
[Round "4"]
[White "OparinGrigoriy"]
[Black "platy3"]
[Result "1/2-1/2"]
[WhiteElo "2718"]
[BlackElo "2543"]
[TimeControl "180+2"]
[EndTime "15:00:28 PST"]
[Termination "Game drawn by agreement"]

1. Nf3 Nf6 2. g3 g6 3. c4 Bg7 4.
Bg2 O-O 5. O-O d6 6. Nc3 Nc6 7. d3 a6 8. b3 e5 9. Rb1 Rb8 10. Bg5 h6 11. Bxf6 Bxf6 12. Nd2 Bg7 13. b4 f5 14. Nd5 Ne7 15. Nxe7+ Qxe7 16. a4 Kh7 17. b5 axb5 18. axb5 Be6 19. Qc2 f4 20. Ne4 Qd7 21.
Ra1 Bh3 22. f3 Be6 23. Ra2 d5 24. Nc5 Qd6 25. Nxe6 Qxe6 26. Rc1 c6 27. bxc6 bxc6 28. Ra6 Qc8 29. Qa4 Ra8 30. Rxa8 Qxa8 31. Qxa8 Rxa8 32. Bh3 Ra2 33. Kf1 fxg3 34. hxg3 e4 35. cxd5 cxd5 36. Be6 exf3 37. exf3 Ra1 38. Rxa1 Bxa1 39. Bxd5 g5 40. Ke2 Be5 41. g4 Bd4 42. Kd2 Kg7 43. Kc2 Kf6 44. Kb3 Ke5 45. Kc4 Be3 46. Be4 Bf2 1/2-1/2

[Event "*** MasterClass Titled Tuesday Blitz"]
[Site "Chess.com"]
[Date "2017.12.05"]
[Round "4"]
[White "Grebeniuk-S"]
[Black "AndrewMcStone"]
[Result "1-0"]
[WhiteElo "2393"]
[BlackElo "2106"]
[TimeControl "180+2"]
[EndTime "15:00:39 PST"]
[Termination "Grebeniuk-S won by checkmate"]

1. d4 Nf6 2. c4 Nc6 3. Nc3 e5 4. Nf3 e4 5. Ne5 Bb4 6. Bg5 h6 7. Bh4 d6 8. Nxc6 bxc6 9. e3 Bxc3+ 10. bxc3 Bf5 11. Qa4 Qd7 12. Be2 Nh7 13. Rb1 O-O 14. O-O Ng5 15. Bxg5 hxg5 16. Rb7 Rae8 17. Rfb1 Bg4 18.
Bf1 f5 19. d5 f4 20. Qxc6 Qf5 21. Qxc7 Qe5 22. c5 fxe3 23. fxe3 Qf5 24. Qxg7# 1-0

[Event "*** MasterClass Titled Tuesday Blitz"]
[Site "Chess.com"]
[Date "2017.12.05"]
[Round "4"]
[White "Scott-fox21"]
[Black "ZCorrales"]
[Result "0-1"]
[WhiteElo "2200"]
[BlackElo "2153"]
[TimeControl "180+2"]
[EndTime "15:00:40 PST"]
[Termination "ZCorrales won by checkmate"]

1. d4 Nf6 2. c4 g6 3. Nc3 d5 4. cxd5 Nxd5 5. Bd2 Bg7 6. e4 Nxc3 7. Bxc3 O-O 8. Qd2 c5 9. d5 e6 10. d6 Bxc3 11. bxc3 Nc6 12. Nf3 Bd7 13. e5 f6 14.
exf6 Qxf6 15. Bd3 Ne5 16. Be4 Nc4 17. Qd3 Nxd6 18. Qxd6 Qxc3+ 19. Ke2 Bb5+ 20. Bd3 Rad8 21. Qxe6+ Rf7 22. Bxb5 Qb2+ 23. Kf1 Qxa1+ 24. Ne1 Qf6 25. Bc4 Qxf2# 0-1

[Event "*** MasterClass Titled Tuesday Blitz"]
[Site "Chess.com"]
[Date "2017.12.05"]
[Round "4"]
[White "sandager"]
[Black "Sola00"]
[Result "1-0"]
[WhiteElo "1982"]
[BlackElo "1523"]
[TimeControl "180+2"]
[EndTime "15:00:46 PST"]
[Termination "sandager won by resignation"]

1. e4 e6 2. d4 d5 3. Nc3 Bb4 4. e5 c5 5. a3 Bxc3+ 6. bxc3 Ne7 7. a4 Nbc6 8. Bb5 Qa5 9. Bd2 Bd7 10. Nf3 c4 11. O-O f6 12. Re1 O-O-O 13. Qb1 f5 14.
Bg5 h6 15. Bxc6 Bxc6 16. Bxe7 Rde8 17. Bb4 Qd8 18. a5 g5 19. Bd6 g4 20. Nd2 h5 21.
Qb4 h4 22. Qc5 a6 23. Nf1 h3 24. g3 Qg5 25. Qb6 Qg7 26. Rab1 f4 27. Qxc6+ bxc6 28.
Rb8+ Kd7 29. Rb7+ Kc8 30. Rxg7 fxg3 31. Nxg3 Reg8 32. Re7 Rg6 33. Rb1 1-0

[Event "*** MasterClass Titled Tuesday Blitz"]
[Site "Chess.com"]
[Date "2017.12.05"]
[Round "4"]
[White "RookSacrifice_OLD"]
[Black "chesstrophy1"]
[Result "1-0"]
[WhiteElo "1838"]
[BlackElo "1318"]
[TimeControl "180+2"]
[EndTime "15:00:51 PST"]
[Termination "RookSacrifice_OLD won by resignation"]

1. d4 d5 2. c4 e6 3. Nc3 Nf6 4.
cxd5 exd5 5. Bg5 Bb4 6. Qb3 Bxc3+ 7. Qxc3 O-O 8. e3 Nc6 9. Bd3 Be6 10. Ne2 h6 11.
Bh4 a6 12. O-O Ne4 13. Bxd8 Nxc3 14. Bxc7 Nxe2+ 15. Bxe2 Rac8 16. Bf4 Ne7 17. Rfc1 Ng6 18. Bg3 Ne7 19. Bd6 Rxc1+ 20. Rxc1 Re8 21. Rc7 Nf5 22. Ba3 Rc8 23. Rxc8+ Bxc8 24. Kf1 f6 25. Bf3 Be6 26. g3 g5 27. Ke2 Kf7 28. Kd3 Ne7 29.
Bxe7 Kxe7 30. Kc3 Kd6 31. Kb4 b6 32. a3 Kc6 33. Be2 b5 34. Ka5 Bc8 35. Bf3 Kd6 36. Bh5 Kc6 37. Bf7 Kd6 38. Kb6 f5 39. f4 g4 40. b3 b4 41. axb4 Kd7 42. Bxd5 Kd6 43. Bb7 Be6 44. Bxa6 Bxb3 45. b5 Bd5 46. Bc8 Ke7 47.
Bxf5 Kf6 48. Bxg4 Kg6 49. Kc7 Kf6 50. b6 Kg6 51. Bd7 Kh5 52. Bc6 Bxc6 53. Kxc6 Kg4 54.
b7 Kh3 55. b8=Q Kxh2 56. Qh8 Kg2 57. Qxh6 Kg1 58. g4 Kf1 59. g5 1-0

[Event "*** MasterClass Titled Tuesday Blitz"]
[Site "Chess.com"]
[Date "2017.12.05"]
[Round "4"]
[White "PulpanJ"]
[Black "Colombiano07"]
[Result "0-1"]
[WhiteElo "2391"]
[BlackElo "2198"]
[TimeControl "180+2"]
[EndTime "15:00:58 PST"]
[Termination "Colombiano07 won on time"]

1. Nf3 c5 2. e4 Nc6 3. d4 cxd4 4.
Nxd4 g6 5. c4 Nf6 6. Nc3 d6 7.
Nc2 Bg7 8. Be2 O-O 9. O-O Be6 10. Be3 a5 11. f4 Qc8 12. Rc1 a4 13. Nd4 Nxd4 14. Bxd4 Bxc4 15. Bxc4 Qxc4 16. Nd5 Qxa2 17. Nxe7+ Kh8 18. e5 dxe5 19. fxe5 Nd5 20. e6 Nxe7 21. Bxg7+ Kxg7 22. Qd4+ Kg8 23. Rc7 Qxe6 0-1

[Event "*** MasterClass Titled Tuesday Blitz"]
[Site "Chess.com"]
[Date "2017.12.05"]
[Round "4"]
[White "likantrophuss"]
[Black "AlexanderL"]
[Result "0-1"]
[WhiteElo "2458"]
[BlackElo "2561"]
[TimeControl "180+2"]
[EndTime "15:01:02 PST"]
[Termination "AlexanderL won by resignation"]

1. Nf3 e6 2. g3 b5 3. Bg2 Bb7 4. O-O Nf6 5. d4 Be7 6. b3 O-O 7. Bb2 c5 8. Na3 a6 9. c4 bxc4 10. Nxc4 cxd4 11. Qxd4 Nc6 12. Qd2 Ne4 13. Qf4 d5 14.
Nce5 Nxe5 15. Bxe5 Bf6 16. Rfc1 Bxe5 17. Nxe5 Nf6 18.
Rc5 Rc8 19. Rac1 Rxc5 20. Rxc5 Qd6 21. Nd3 Qxf4 22. gxf4 Rc8 23. e3 Ne8 24. Bf1 Nd6 25. Rxc8+ Bxc8 26. Nc5 a5 27. a4 Kf8 28. Bd3 Ke7 29.
Kf1 g6 30. Ke2 Kd8 31. Ba6 Ne4 32. Nb7+ Kc7 33. Nxa5 Bxa6+ 34. Kf3 Nc5 0-1

[Event "*** MasterClass Titled Tuesday Blitz"]
[Site "Chess.com"]
[Date "2017.12.05"]
[Round "4"]
[White "saikrishnaReturns"]
[Black "Lunaticx"]
[Result "0-1"]
[WhiteElo "2422"]
[BlackElo "2712"]
[TimeControl "180+2"]
[EndTime "15:01:12 PST"]
[Termination "Lunaticx won by resignation"]

1. e4 c5 2. Nf3 Nc6 3. Nc3 d6 4. d4 cxd4 5. Nxd4 Nf6 6. Bg5 e6 7. Qd2 a6 8. O-O-O Bd7 9. f3 Be7 10. Be3 h5 11. Nxc6 Bxc6 12. Bf4 d5 13. e5 Nd7 14. h4 Bxh4 15. g3 Be7 16. g4 g5 17. Bg3 h4 18. f4 Rg8 19. Bh2 gxf4 20. Bxf4 Rxg4 21. Kb1 Bg5 22. Bxg5 Qxg5 23. Qf2 d4 24. Bh3 Bxh1 25. Bxg4 Qxg4 26. Rxd4 Qg3 27. Qd2 Bc6 28. a4 h3 29. Ne4 Bxe4 30. Rxd7 Qxe5 31.
Rxb7 Bxb7 0-1

[Event "*** MasterClass Titled Tuesday Blitz"]
[Site "Chess.com"]
[Date "2017.12.05"]
[Round "4"]
[White "1e41-0"]
[Black "Msb2"]
[Result "0-1"]
[WhiteElo "2355"]
[BlackElo "2716"]
[TimeControl "180+2"]
[EndTime "15:01:22 PST"]
[Termination "Msb2 won by resignation"]

1. d4 Nf6 2. c4 e6 3. Nc3 Bb4 4. f3 d5 5. a3 Bxc3+ 6. bxc3 c5 7. cxd5 Nxd5 8. Qd2 f5 9. Nh3 O-O 10. e3 b6 11. Bb2 Ba6 12. c4 Nc7 13. dxc5 bxc5 14.
Qxd8 Rxd8 15. Be5 Rd7 16. Nf4 Kf7 17. Rd1 Rxd1+ 18. Kxd1 Ne8 19. Be2 Nd7 20. Bc3 Nb6 21.
Kc2 Bxc4 22. Rd1 Bxe2 23. Nxe2 Nd5 24. Bd2 Rd8 25. e4 Nb6 26. Rb1 fxe4 27. fxe4 Nd6 28.
Nc3 Ndc4 29. Rf1+ Kg6 30. Bc1 Rd7 31. g4 Ne5 32. Bf4 Rf7 33. h3 c4 34. Ne2 Nd3 35.
h4 h5 36. gxh5+ Kxh5 37. Rf3 Ne1+ 0-1

[Event "*** MasterClass Titled Tuesday Blitz"]
[Site "Chess.com"]
[Date "2017.12.05"]
[Round "4"]
[White "TomasPabloFerreira"]
[Black "PivixBanni"]
[Result "1-0"]
[WhiteElo "946"]
[BlackElo "1208"]
[TimeControl "180+2"]
[EndTime "15:01:31 PST"]
[Termination "TomasPabloFerreira won by resignation"]

1. e4 e5 2. Nf3 Nc6 3. Bb5 a6 4. Bxc6 dxc6 5. d3 Bd6 6. Be3 Bg4 7.
h3 Bh5 8. Nbd2 Nf6 9. g4 Bg6 10. Nc4 Qd7 11. Nfxe5 Qe6 12. Nxg6 hxg6 13. Qf3 O-O-O 14.
O-O-O b5 15. Na5 Qxa2 16. Nxc6 Rd7 17. e5 Qa1+ 18. Kd2 Qxb2 19. exd6 Rxd6 20. Bc5 Re6 21. Rb1 Qa2 22. Nb4 Qa5 23. Qa8+ Kd7 24. Qxh8 Nd5 25.
Qxg7 Nxb4 26. Rxb4 Rc6 27. Ra1 Qxb4+ 28. Bxb4 Rxc2+ 29. Kxc2 1-0

[Event "*** MasterClass Titled Tuesday Blitz"]
[Site "Chess.com"]
[Date "2017.12.05"]
[Round "4"]
[White "Sungho"]
[Black "robbykevlishvili"]
[Result "0-1"]
[WhiteElo "2357"]
[BlackElo "2406"]
[TimeControl "180+2"]
[EndTime "15:01:42 PST"]
[Termination "robbykevlishvili won by resignation"]

1. d4 d5 2. Bf4 c5 3. e3 cxd4 4.
exd4 Nc6 5. c3 f6 6. Nf3 g5 7.
Bg3 h5 8. h4 g4 9. Nfd2 Bf5 10.
Na3 e5 11. Bb5 Bxa3 12. bxa3 exd4 13. O-O dxc3 14. Nb3 Kf7 15. Bxc6 bxc6 16. Nd4 Ne7 17. Re1 Qd7 18. Qc1 c5 19. Nb3 Rac8 20. Qxc3 d4 21. Qc4+ Be6 22. Qa6 Nf5 23. Nd2 Nxg3 24. fxg3 c4 25.
Ne4 Rc6 26. Qb5 Qd5 27. Qb7+ Kg6 28. Nf2 Re8 29. Re4 Bc8 30. Qb1 Bf5 31. Rxe8 Bxb1 32.
Rxb1 d3 33. Rb7 Re6 34. Rxe6 Qxe6 35. Nxd3 cxd3 0-1

[Event "*** MasterClass Titled Tuesday Blitz"]
[Site "Chess.com"]
[Date "2017.12.05"]
[Round "4"]
[White "oogee"]
[Black "benhal"]
[Result "0-1"]
[WhiteElo "2125"]
[BlackElo "2231"]
[TimeControl "180+2"]
[EndTime "15:01:49 PST"]
[Termination "benhal won by resignation"]

1. d4 d5 2. c4 dxc4 3. Nf3 Nf6 4. e3 b5 5. a4 b4 6. Bxc4 e6 7. b3 Be7 8. Bb2 O-O 9. Nbd2 Bb7 10. Qe2 c5 11. e4 Nc6 12. Rd1 cxd4 13. e5 Nd5 14.
Bxd5 Qxd5 15. Nc4 Bc5 16. O-O a5 17. Rd2 Rad8 18. Rfd1 Ba6 19. Nxd4 Bxd4 20. Bxd4 Nxd4 21. Qe3 Bxc4 22. Rxd4 Qa8 23. bxc4 Rxd4 24. Qxd4 Qc6 25. c5 Qxa4 26. Qd6 b3 27. c6 b2 28. c7 Qc2 29.
h4 a4 30. Kh2 a3 31. Qe7 Qxd1 32. Qxf8+ Kxf8 33. c8=Q+ Ke7 34. Qc5+ Ke8 35. Qc6+ Qd7 36. Qa8+ Qd8 37. Qc6+ Kf8 38. Qc5+ Kg8 39. Qxa3 b1=Q 0-1

[Event "*** MasterClass Titled Tuesday Blitz"]
[Site "Chess.com"]
[Date "2017.12.05"]
[Round "4"]
[White "raphaelfioretti"]
[Black "ppchess2017"]
[Result "0-1"]
[WhiteElo "1303"]
[BlackElo "1792"]
[TimeControl "180+2"]
[EndTime "15:01:49 PST"]
[Termination "ppchess2017 won by resignation"]

1. e4 e5 2. Nf3 d5 3. exd5 e4 4.
Qe2 f5 5. Nc3 Nf6 6. d3 Bc5 7.
dxe4 fxe4 8. Nxe4 Nxe4 9. Qxe4+ Qe7 10. Bd3 Qxe4+ 11. Bxe4 O-O 12. O-O Nd7 13. Re1 Nf6 14.
Be3 Bd6 15. Bd4 Bg4 16. h3 Nxe4 17. Rxe4 Bxf3 18. gxf3 Rxf3 19. Rae1 Rxh3 20. c4 b6 21. a3 Rb3 22. Re8+ Rxe8 23. Rxe8+ Kf7 24. Ra8 a5 25. Kf1 Rd3 26. Bc3 Bxa3 27. Ke2 Rh3 28. Bxa5 bxa5 29. bxa3 Rxa3 30. Ra7 Ke7 31. Rxc7+ Kd6 32.
Rxg7 Rc3 33. Rxh7 Rxc4 34. Ra7 Rc5 35. Kd3 Rxd5+ 36. Kc4 Rf5 37. Kb3 Kc6 38. Ka4 Kb6 39. Ra8 Rxf2 40. Rxa5 Ra2+ 0-1

[Event "*** MasterClass Titled Tuesday Blitz"]
[Site "Chess.com"]
[Date "2017.12.05"]
[Round "4"]
[White "AbdAlAgathos"]
[Black "FearNoEvil12"]
[Result "1-0"]
[WhiteElo "2303"]
[BlackElo "2046"]
[TimeControl "180+2"]
[EndTime "15:01:49 PST"]
[Termination "AbdAlAgathos won by resignation"]

1. e4 a6 2. d4 b5 3. a4 b4 4. Bd3 Bb7 5. Qe2 e6 6. Nf3 Nf6 7. O-O d6 8. c4 bxc3 9. bxc3 Nbd7 10.
Nbd2 h6 11. Rb1 Rb8 12. Bxa6 Bxa6 13. Qxa6 Rxb1 14. Nxb1 Nxe4 15. Re1 d5 16. c4 Bb4 17. Rd1 O-O 18. cxd5 exd5 19. Qc6 Ndf6 20. Bf4 Bd6 21. Be5 Qa8 22. Qc2 Qa5 23. Nbd2 Nxd2 24. Qxd2 Qxd2 25. Rxd2 Ne4 26. Ra2 Ra8 27. Bxd6 Nxd6 28. Ne5 Nc4 29. Nxc4 dxc4 30. Kf1 Kf8 31. Ke2 Ke7 32. Kd2 Kd6 33. Kc3 Kd5 34. a5 Ra6 35. Ra4 c6 36. h4 g5 37. hxg5 hxg5 38.
g4 f6 39. f3 Ra7 40. a6 Kd6 41. Kxc4 Kd7 42. Kc5 Kc7 43. Ra3 Ra8 44. a7 Kb7 45.
Ra1 Kc7 46. Rh1 Rxa7 47. Rh7+ Kb8 48. Rxa7 Kxa7 49. Kxc6 Kb8 50. Kd7 Kb7 51. d5 1-0

[Event "*** MasterClass Titled Tuesday Blitz"]
[Site "Chess.com"]
[Date "2017.12.05"]
[Round "4"]
[White "Sheik777"]
[Black "Jamaladam12200620"]
[Result "1-0"]
[WhiteElo "1780"]
[BlackElo "1947"]
[TimeControl "180+2"]
[EndTime "15:01:58 PST"]
[Termination "Sheik777 won by checkmate"]

1. e4 Nf6 2. e5 Nd5 3. d4 d6 4. c4 Nb6 5. exd6 cxd6 6. Nc3 g6 7.
h3 Bg7 8. Nf3 Nc6 9. Be2 O-O 10.
O-O Bf5 11. Bg5 h6 12. Be3 e5 13. dxe5 dxe5 14. c5 Nd7 15. Nb5 Qa5 16. Qc1 Rab8 17.
Bxh6 Bxh6 18. Qxh6 a6 19. Ng5 Nf6 20. Nd6 Nd4 21. Bc4 Qxc5 22. Ndxf7 Rxf7 23. Bxf7# 1-0

[Event "*** MasterClass Titled Tuesday Blitz"]
[Site "Chess.com"]
[Date "2017.12.05"]
[Round "4"]
[White "Iball95"]
[Black "ENEASZ"]
[Result "0-1"]
[WhiteElo "2573"]
[BlackElo "2424"]
[TimeControl "180+2"]
[EndTime "15:02:05 PST"]
[Termination "ENEASZ won by resignation"]

1. c4 Nf6 2. Nf3 e6 3. Nc3 d5 4.
e3 Be7 5. Qc2 O-O 6. b3 c5 7.
cxd5 exd5 8. d4 Nc6 9. dxc5 Bxc5 10. Bb2 d4 11. exd4 Re8+ 12. Be2 Nxd4 13. Nxd4 Bxd4 14. O-O Qc7 15. Rac1 Bg4 16. Bc4 Be5 17. g3 Bh5 18.
Nb5 Qa5 19. Bxe5 Rxe5 20. Qc3 Rxb5 21. Bxb5 Qxb5 22. Rfe1 h6 23. Re5 Qb6 24. Qc7 Qa6 25.
Ra5 Qe2 26. Qxb7 Bf3 27. Qb5 Qd2 28. Qc5 Re8 29. Qc4 Ng4 30. Rf1 Qxa5 0-1

[Event "*** MasterClass Titled Tuesday Blitz"]
[Site "Chess.com"]
[Date "2017.12.05"]
[Round "4"]
[White "kanachess88"]
[Black "luisgui16"]
[Result "0-1"]
[WhiteElo "2258"]
[BlackElo "2309"]
[TimeControl "180+2"]
[EndTime "15:02:05 PST"]
[Termination "luisgui16 won on time"]

1. e4 g6 2. h4 c5 3. h5 Bg7 4. d3 d6 5. c3 Nc6 6. Be3 Nf6 7. h6 Bf8 8. f3 e6 9. Ne2 Be7 10.
d4 cxd4 11. Nxd4 d5 12. Nxc6 bxc6 13. e5 Nd7 14. Bf4 Rb8 15. b3 Qb6 16. Nd2 c5 17.
Bd3 Ba6 18. Qe2 Bxd3 19. Qxd3 Bd8 20. c4 Qa6 21. Ke2 Bc7 22. cxd5 Qxd3+ 23. Kxd3 exd5 24. Rhe1 Nf8 25. Bh2 Ne6 26. f4 Rb4 27. g3 O-O 0-1

[Event "*** MasterClass Titled Tuesday Blitz"]
[Site "Chess.com"]
[Date "2017.12.05"]
[Round "4"]
[White "Apocalyps999"]
[Black "Hanging_pointer"]
[Result "1-0"]
[WhiteElo "2404"]
[BlackElo "2312"]
[TimeControl "180+2"]
[EndTime "15:02:07 PST"]
[Termination "Apocalyps999 won by checkmate"]

1. e4 c5 2. Nf3 e6 3. d4 cxd4 4. Nxd4 Nc6 5. Nc3 Qc7 6. Be2 a6 7. O-O Nf6 8. Kh1 Be7 9. Be3 d6 10. f4 Nxd4 11. Bxd4 O-O 12. Qe1 b5 13. Qg3 Bb7 14. a3 Rac8 15. Bd3 g6 16. Rae1 Nh5 17. Qh3 Nxf4 18. Rxf4 e5 19. Nd5 Bxd5 20. exd5 exd4 21. Qh6 Qd8 22. Rf5 Bf6 23. Rh5 Re8 24. Qxh7+ Kf8 25. Rf1 Re5 26. Bxg6 Rxh5 27. Qxf7# 1-0

[Event "*** MasterClass Titled Tuesday Blitz"]
[Site "Chess.com"]
[Date "2017.12.05"]
[Round "4"]
[White "GameOverBro"]
[Black "calemcc"]
[Result "1-0"]
[WhiteElo "2298"]
[BlackElo "2275"]
[TimeControl "180+2"]
[EndTime "15:02:17 PST"]
[Termination "GameOverBro won by resignation"]

1. e4 e6 2. d4 d5 3. Nd2 Nc6 4. Ngf3 Nf6 5. e5 Nd7 6. c4 Be7 7. a3 f6 8. cxd5 exd5 9. Bb5 O-O 10. O-O Ncb8 11. Re1 c6 12. Bd3 Re8 13. Nf1 c5 14. Ng3 Nc6 15. Nf5 cxd4 16. Nxe7+ Rxe7 17. exf6 Rxe1+ 18. Qxe1 Nxf6 19. Bg5 Qd6 20. Bxf6 Qxf6 21. Qe8+ Qf8 22. Re1 Bg4 23. Qxf8+ Rxf8 24. Nd2 g6 25. f3 Bf5 26. Bxf5 Rxf5 27. Kf2 Kf7 28. Rd1 g5 29. Nb3 g4 30.
Nxd4 Nxd4 31. Rxd4 gxf3 32. gxf3 Ke6 33. f4 Kd6 34. b4 Rh5 35. Kg3 Ke6 36. Kg4 Rxh2 37. Rd3 Rg2+ 38. Kf3 Ra2 39. Kg4 d4 40. Rxd4 Rxa3 41.
f5+ Ke5 42. Rd7 b5 43. Rxh7 Ra4 44. Kg5 Rxb4 45. Re7+ Kd6 46. Rxa7 Rb1 47. Kf6 b4 48. Ra6+ Kd7 49. Kf7 b3 50. f6 b2 51. Rb6 Kd8 52. Rb8+ Kd7 53. Rb3 Kd8 54. Kf8 Kd7 55. f7 Ke6 56. Re3+ Kd6 57. Re2 Kd7 58. Rd2+ Kc7 59.
Rc2+ Kd7 60. Rd2+ Kc7 61. Rg2 Kd7 62. Kg8 Rf1 63. Rxb2 Rg1+ 64. Kf8 Rf1 65. Rd2+ Ke6 66. Re2+ Kd7 67. Rg2 Ke6 68. Rg7 Ra1 69. Kg8 Ra8+ 70. f8=Q Rxf8+ 71. Kxf8 1-0

[Event "*** MasterClass Titled Tuesday Blitz"]
[Site "Chess.com"]
[Date "2017.12.05"]
[Round "4"]
[White "goingin33"]
[Black "toad"]
[Result "1-0"]
[WhiteElo "2297"]
[BlackElo "2181"]
[TimeControl "180+2"]
[EndTime "15:02:21 PST"]
[Termination "goingin33 won on time"]

1. e4 c5 2. Nf3 d6 3. d4 cxd4 4. Qxd4 Nc6 5. Bb5 Bd7 6. Bxc6 Bxc6 7. Nc3 Nf6 8. Bg5 e6 9. O-O-O h6 10. Bxf6 Qxf6 11.
Qxf6 gxf6 12. Nd4 h5 13. h4 Rg8 14. g3 a6 15. Nxc6 bxc6 16. Na4 d5 17. exd5 cxd5 18. Rhe1 Rd8 19. Nb6 Bc5 20. Nxd5 Rxd5 21. Rxd5 Bxf2 22.
Re2 Bxg3 23. Rxh5 Bf4+ 24. Kd1 Rg1+ 25. Re1 Rg2 26. Rf1 e5 27. Rxf4 exf4 28. Rf5 Ke7 29. Rxf4 Rh2 30. b4 Ke6 31. a4 Ke5 32. Rc4 f5 33. b5 axb5 34. axb5 f4 35. b6 Rxh4 36. b7 Rh1+ 37. Ke2 Rb1 38. Rc7 Ke4 39. Re7+ Kd4 40.
Kf3 f5 41. Kxf4 Kc5 42. Kxf5 Kd6 43. Rh7 Kc6 44. Ke5 Rb5+ 45. Kd4 1-0

[Event "*** MasterClass Titled Tuesday Blitz"]
[Site "Chess.com"]
[Date "2017.12.05"]
[Round "4"]
[White "chito89"]
[Black "TenisMaster"]
[Result "1-0"]
[WhiteElo "2602"]
[BlackElo "2737"]
[TimeControl "180+2"]
[EndTime "15:02:26 PST"]
[Termination "chito89 won on time"]

1. d4 Nf6 2. c4 e6 3. Nf3 d5 4. g3 Bb4+ 5. Bd2 Bd6 6. Bg2 c6 7.
Qc2 Ne4 8. O-O O-O 9. Nc3 f5 10. c5 Bc7 11. b4 a6 12. Bf4 Bxf4 13. gxf4 Bd7 14. a4 Be8 15. Ne5 Nd7 16. Nd3 Ndf6 17. Nd1 Nh5 18. f3 Nef6 19. Nc3 Kh8 20. e3 Rg8 21.
Kh1 Qe7 22. Qf2 h6 23. b5 axb5 24. axb5 Rxa1 25. Rxa1 cxb5 26. Ne5 g5 27. fxg5 Rxg5 28. Ra8 Rg8 29. Nxb5 f4 30. Nd6 fxe3 31. Qxe3 Qg7 32. Bf1 Bg6 33. Rxg8+ Nxg8 34. Bd3 Bxd3 35. Ndf7+ 1-0

[Event "*** MasterClass Titled Tuesday Blitz"]
[Site "Chess.com"]
[Date "2017.12.05"]
[Round "4"]
[White "josmito10"]
[Black "JSPrepz"]
[Result "0-1"]
[WhiteElo "2348"]
[BlackElo "2555"]
[TimeControl "180+2"]
[EndTime "15:02:26 PST"]
[Termination "JSPrepz won by resignation"]

1. d4 Nf6 2. c4 c5 3. d5 b5 4.
cxb5 a6 5. bxa6 g6 6. Nc3 Bg7 7. e4 O-O 8. Nf3 Qa5 9. Bd2 Bxa6 10. Be2 Bxe2 11. Qxe2 Qa6 12. e5 Ng4 13. Bf4 Qxe2+ 14.
Kxe2 f6 15. exf6 Nxf6 16. Be3 Na6 17. d6 exd6 18. Rad1 Rfb8 19. b3 Nb4 20. a4 Nc2 21. Nb5 c4 22. bxc4 Nxe3 23. fxe3 Rxa4 24. Nxd6 Bf8 25.
Ne5 Ra2+ 26. Kf3 Rbb2 27. Ne4 Nxe4 28. Kxe4 d6 29. Nf3 Rxg2 30. Rd4 Rge2 31. Rhd1 Ra3 32.
R1d3 Ra5 33. Rd5 Ra4 34. R5d4 Ra5 35. Rd5 Ra8 36. Kf4 Rg2 37. h4 h6 38. e4 Be7 39.
Ke3 Rf8 40. Kd4 Rg3 41. e5 Rfxf3 42. Rxf3 Rxf3 43. exd6 Bxh4 44. c5 Bf6+ 45. Kc4 Rc3+ 46. Kb5 Kf7 47. c6 Ke6 48. Rd1 Bd8 49. d7 h5 50. Re1+ Kd6 51. Re8 Kc7 52. Re6 g5 53. Rg6 g4 0-1

[Event "*** MasterClass Titled Tuesday Blitz"]
[Site "Chess.com"]
[Date "2017.12.05"]
[Round "4"]
[White "TheMagician"]
[Black "pedromartinez91"]
[Result "1-0"]
[WhiteElo "2187"]
[BlackElo "2245"]
[TimeControl "180+2"]
[EndTime "15:02:28 PST"]
[Termination "TheMagician won by resignation"]

1. d4 d5 2. Nf3 e6 3. c4 Be7 4. Nc3 Nf6 5. Bg5 O-O 6. e3 h6 7.
Bxf6 Bxf6 8. Rc1 a6 9. a3 c6 10.
Bd3 Nd7 11. O-O Qe7 12. e4 dxc4 13. Bxc4 e5 14. d5 Nb6 15. Qb3 Nxc4 16. Qxc4 Bd7 17.
Rfd1 Rfc8 18. Qb3 Rab8 19. h3 Qe8 20. Rc2 cxd5 21. Nxd5 Ba4 22. Rxc8 Rxc8 23. Qd3 Bxd1 24. Qxd1 Bd8 25. Kh2 Bg5 26. Nxg5 hxg5 27. Qg4 f6 28. Qxc8 Qxc8 29. Ne7+ Kf7 30. Nxc8 Ke6 31. Nb6 Kd6 32. b4 Kc6 33. Nc4 Kb5 34. Nd6+ Ka4 35. Nxb7 Kxa3 36. Nc5 Kxb4 37. Nxa6+ Kc4 38. f3 Kd4 39. Nc7 g6 40. Ne8 f5 41. exf5 gxf5 42. Nd6 g4 43. Nxf5+ 1-0

[Event "*** MasterClass Titled Tuesday Blitz"]
[Site "Chess.com"]
[Date "2017.12.05"]
[Round "4"]
[White "josemoramoron"]
[Black "DiogenesSinopeus"]
[Result "1-0"]
[WhiteElo "2181"]
[BlackElo "2379"]
[TimeControl "180+2"]
[EndTime "15:02:29 PST"]
[Termination "josemoramoron won on time"]

1. e4 c5 2. Nf3 Nc6 3. d4 cxd4 4.
Nxd4 e5 5. Nb5 d6 6. N1c3 a6 7. Na3 b5 8. Nd5 Nge7 9. c4 Nd4 10. cxb5 Nxd5 11. exd5 Bd7 12. b6 Qxb6 13. Bd3 Be7 14. O-O O-O 15. Nc4 Qb7 16. Be3 Rac8 17. Bxd4 exd4 18.
Qf3 Bb5 19. Na5 Qd7 20. Bxb5 Qxb5 21. Nc6 Bf6 22. b3 Rce8 23. Rad1 Qc5 24. g3 Qa3 25.
Nxd4 Bxd4 26. Rxd4 Qxa2 27. Ra4 Qd2 28. Rxa6 Qb4 29.
Ra4 Qb6 30. Qd3 g6 31. Ra6 Qc5 32. Qc4 Qxc4 33. bxc4 Re4 34. Rc1 Rc8 35. Rc6 Rxc6 36.
dxc6 Re5 37. c5 dxc5 38. c7 Re8 39. Rd1 1-0

[Event "*** MasterClass Titled Tuesday Blitz"]
[Site "Chess.com"]
[Date "2017.12.05"]
[Round "4"]
[White "jcgs1030"]
[Black "hectorfiori"]
[Result "0-1"]
[WhiteElo "2307"]
[BlackElo "2210"]
[TimeControl "180+2"]
[EndTime "15:02:30 PST"]
[Termination "hectorfiori won by resignation"]

1. e4 c5 2. Nf3 e6 3. Nc3 a6 4. g3 b5 5. Bg2 Bb7 6. d3 Nf6 7. O-O d5 8. exd5 Nxd5 9. Nxd5 Bxd5 10. Re1 Be7 11. Bf4 O-O 12. a4 Nd7 13. b3 Bf6 14. Ne5 Nxe5 15. Bxe5 Bxe5 16. Rxe5 Bxg2 17. Kxg2 Qd6 18. Qe2 Rfc8 19. Qe4 b4 20. Rd1 Qd4 21. Kf3 Ra7 22. Ke2 Rd7 23. f4 Qb2 24. Qc4 Rd4 25.
Qxa6 Rcd8 26. Rxc5 e5 27. fxe5 h6 28. Rc8 Rd7 29. Rxd8+ Rxd8 30. Qc4 Qxe5+ 31. Kf2 Rd6 32. d4 Rf6+ 33. Kg2 Qe4+ 34. Kg1 Qe3+ 35. Kg2 Qf3+ 36. Kh3 Qh5+ 37. Kg2 Qf3+ 38. Kg1 Qxd1+ 39. Kg2 Qf3+ 40.
Kh3 Qf1+ 41. Qxf1 Rxf1 42. Kg4 Rd1 0-1

[Event "*** MasterClass Titled Tuesday Blitz"]
[Site "Chess.com"]
[Date "2017.12.05"]
[Round "4"]
[White "RaphaeI"]
[Black "Aygehovit1992"]
[Result "1-0"]
[WhiteElo "2514"]
[BlackElo "2486"]
[TimeControl "180+2"]
[EndTime "15:02:37 PST"]
[Termination "RaphaeI won by resignation"]

1. d4 Nf6 2. c4 g6 3. Nc3 Bg7 4. e4 O-O 5. Be2 c5 6. Nf3 cxd4 7. Nxd4 Nc6 8. Be3 d6 9. O-O Nxd4 10. Bxd4 Be6 11.
Rc1 Qa5 12. b3 Rfc8 13. f4 a6 14. Kh1 b5 15. f5 Bd7 16. Bxf6 Bxf6 17. Nd5 Bg5 18. f6 exf6 19. Ne7+ Kg7 20. Nxc8 Rxc8 21. Qxd6 Be6 22. Rc2 bxc4 23. Bxc4 h5 24. b4 Qa3 25. Bxe6 Rxc2 26. Qd7 Qxb4 27. Qxf7+ Kh6 28. Bf5 gxf5 29. exf5 1-0